 Dungeon Crawl Stone Soup version 0.17.1-1-g73c8601 (webtiles) character file.

635 Rationalist the Shield-Bearer (level 7, 0/82 HPs)
             Began as a Formicid Fighter on Dec 11, 2015.
             Succumbed to Dickchan's ghost's poison
             ... on level 4 of the Dungeon.
             The game lasted 00:05:33 (4063 turns).

Rationalist the Shield-Bearer (Formicid Fighter)    Turns: 4063, Time: 00:05:33

Health: 0/82       AC: 23    Str: 21    XL:     7   Next: 79%
Magic:  6/6        EV:  2    Int:  9    God:
Gold:   89         SH: 10    Dex: 12    Spells: 0 memorised, 6 levels left

rFire  + . .     SeeInvis .     p - +2 hand axe (chop)
rCold  + . .     Clarity  .     (armour currently unavailable)
rNeg   + + +     SustAt   .     c - +0 shield
rPois  +         Gourm    .     (helmet unavailable)
rElec  +         Spirit   .     (cloak currently unavailable)
rCorr  +         Warding  .     (gloves currently unavailable)
rMut   .         Stasis   +     (boots currently unavailable)
MR     .....                    (no amulet)
Stlth  ++........               (no ring)
                                (no ring)

@: lethally poisoned (0 -> -16), tree-form, resistant, very slightly
contaminated, invisible, not resistant to hostile enchantments, unstealthy
A: permanent stasis, dig shafts and tunnels, four strong arms, (antennae 0),
clever 1, low mp 1, (electricity resistance)
a: no special abilities


You were on level 4 of the Dungeon.
You were hungry.
You were a tree.
You visited 1 branch of the dungeon, and saw 4 of its levels.

You collected 89 gold pieces.

Inventory:

Hand Weapons
 p - a +2 hand axe of chopping (weapon)
Missiles
 a - 20 bolts
Armour
 b - a +0 scale mail (melded)
 c - a +0 shield (worn)
Scrolls
 f - 2 scrolls of remove curse {unknown}
 i - a scroll of amnesia {unknown}
 m - a scroll of random uselessness {unknown}
 n - a scroll of recharging {unknown}
 q - a scroll of fear {unknown}
 s - a scroll of noise {unknown}
 t - 2 scrolls of identify {unknown}
Potions
 d - 2 potions of might
 j - a potion of flight
 k - a potion of haste
Books
 v - a Young Poisoner's Handbook

   Spells                             Type                      Level
   a - Sting                          Conjuration/Poison           1
   b - Cure Poison                    Poison                       2
   c - Mephitic Cloud                 Conjuration/Poison/Air       3
   d - Olgreb's Toxic Radiance        Poison                       4
   e - Venom Bolt                     Conjuration/Poison           5
Comestibles
 e - 8 bread rations
 h - a slice of pizza
 r - 6 fruits
 w - a meat ration
 x - 3 beef jerkies


   Skills:
 + Level 4.6 Fighting
 + Level 4.1 Axes
 + Level 5.2 Armour
 + Level 2.3 Dodging
 + Level 1.1 Stealth
 + Level 5.9 Shields


You had 6 spell levels left.
You didn't know any spells.

Dungeon Overview and Level Annotations

Branches:
Dungeon (4/15)
 Temple: D:4-7

Altars:
Cheibriados
Fedhas
Sif Muna
Xom
Yredelemnul


Innate Abilities, Weirdness & Mutations

You are under a permanent stasis effect.
You can dig through walls and to a lower floor.
Your four strong arms can wield two-handed weapons with a shield.
((You have a pair of large antennae on your head (SInv).))
Your mind is acute. (Int +2)
Your magical capacity is low (-10% MP).
((You are resistant to electric shocks.))


Message History

* * * LOW HITPOINT WARNING * * *
You feel sick. You block Dickchan's ghost's attack.
You strike the helpless Dickchan's ghost from behind!
You hit Dickchan's ghost.
You destroy Dickchan's ghost!
Your Axes skill increases to level 4!
Your Stealth skill increases to level 1!
You are feeling hungry.
* * * LOW HITPOINT WARNING * * *
You feel sick.
Drink which item? (? for menu, Esc to quit)
Okay, then.
Unknown command.
Sorry, you're not good enough to have a special ability.
There is a lethal amount of poison in your body!
There is a lethal amount of poison in your body!
There is a lethal amount of poison in your body!
* * * LOW HITPOINT WARNING * * *
You feel sick.
You die...

#########.#
#.........#
##########.#######.#
................♣#
.#########.#.#.#†#
.........#.#.#.#.#
.........#.#.#.#.#
.........#.#W#...#
)........#.#.#####
.........#....
..###.######.# {
......#


There were no monsters in sight!

Vanquished Creatures
  Sigmund (D:2)
  The ghost of Dickchan the Ruffian, an amateur DrMo (D:4)
  An ogre (D:4)
  A phantom (D:4)
  An orc priest (D:3)
  Terence (D:2)
  An orc wizard (D:3)
  4 adders (D:2)
  3 worms (D:2)
  4 giant geckos
  19 orcs (D:3)
  2 ball pythons (D:2)
  6 bats
  A giant cockroach (D:3)
  9 hobgoblins
  8 jackals (D:1)
  3 kobolds
  A quokka (D:2)
  3 giant newts
  5 goblins
  9 rats
84 creatures vanquished.

Notes
Turn   | Place    | Note
--------------------------------------------------------------
     0 | D:1      | Rationalist the Formicid Fighter began the quest for the Orb.
     0 | D:1      | Reached XP level 1. HP: 18/18 MP: 1/1
   179 | D:1      | Reached XP level 2. HP: 24/24 MP: 2/2
   250 | D:1      | Reached skill level 4 in Shields
   302 | D:1      | Reached XP level 3. HP: 19/29 MP: 3/3
  1026 | D:2      | Reached XP level 4. HP: 14/37 MP: 4/4
  1473 | D:2      | Noticed Terence
  1494 | D:2      | Killed Terence
  1494 | D:2      | Reached skill level 1 in Dodging
  1543 | D:2      | Reached XP level 5. HP: 20/42 MP: 5/5
  1723 | D:2      | Found a basalt altar of Yredelemnul.
  1744 | D:2      | Noticed Sigmund
  1753 | D:2      | Killed Sigmund
  1753 | D:2      | Reached skill level 5 in Shields
  1753 | D:2      | Reached XP level 6. HP: 45/48 MP: 6/6
  2635 | D:3      | Found a blossoming altar of Fedhas.
  3012 | D:3      | Reached XP level 7. HP: 40/55 MP: 7/7
  3127 | D:4      | Found a blossoming altar of Fedhas.
  3130 | D:4      | Found a deep blue altar of Sif Muna.
  3149 | D:4      | Found a snail-covered altar of Cheibriados.
  3152 | D:4      | Found a shimmering altar of Xom.
  3490 | D:4      | Reached skill level 5 in Armour
  4020 | D:4      | Noticed Dickchan's ghost (amateur DrMo)
  4043 | D:4      | Gained mutation: Your magical capacity is low (-10% MP). [potion of mutation]
  4043 | D:4      | Gained mutation: You are resistant to electric shocks. [potion of mutation]
  4043 | D:4      | Gained mutation: Your mind is acute. (Int +2) [potion of mutation]
  4061 | D:4      | Killed Dickchan's ghost
  4061 | D:4      | Reached skill level 1 in Stealth
  4061 | D:4      | HP: 4/82 [poisoned by Dickchan's ghost]
  4063 | D:4      | Succumbed to Dickchan's ghost's poison

Action                   |  1- 3 |  4- 6 |  7- 9 || total
-------------------------+-------+-------+-------++-------
Melee: War axe           |    99 |    33 |       ||   132
       Hand axe          |       |   110 |    56 ||   166
  Use: Potion            |       |       |     7 ||     7
       Scroll            |       |       |     1 ||     1
 Stab: Invisible         |       |       |     2 ||     2
  Eat: Chunk             |       |     7 |     3 ||    10
